Map: Alcyone LE

Players

DRG

  • Race: Zerg Zerg
  • Spawn Location: 1:00

Classic - Winner!

  • Race: Protoss Protoss
  • Spawn Location: 7:00

VOD

Have the link to the VOD?

Description

Time

  • Played on: Dec. 27, 2023, 6:49 a.m.
  • Length: 6:48
Show
View Real Time Build Order
Export as new Build Order

DRG Zerg 

Build Orders: Hatch First 

Get SALT Encoding   

  12  0:00  Drone  
  13  0:12  Overlord  
  13  0:16  Drone  
  14  0:30  Drone x2  
  14  0:34  Drone  
  17  0:55  Drone, Hatchery  
  17  0:59  Drone  
  18  1:06  Drone  
  18  1:10  Extractor  
  18  1:17  Spawning Pool  
  17  1:20  Drone  
  18  1:28  Drone  
  19  1:39  Drone  
  20  2:00  Hatchery  
  20  2:04  Queen  
  20  2:06  Hatchery  
  21  2:08  Overlord  
  21  2:11  Zergling x2  
  22  2:17  Metabolic Boost  
  22  2:27  Zergling x4  
  24  2:32  Drone  
  25  2:39  Queen  
  25  2:42  Overlord  
  27  2:53  Zergling x2  
  28  3:07  Drone  
  28  3:11  Zergling x2  
  28  3:12  Drone x3  
  33  3:13  Queen  
  33  3:18  Queen  
  37  3:22  Drone  
  37  3:23  Drone  
  39  3:31  Drone x2  
  41  3:34  Drone x2  
  43  3:42  Overlord  
  43  3:45  Overlord  
  43  3:48  Overlord  
  42  3:53  Overlord  
  42  4:01  Drone x4  
  46  4:04  Drone x2  
  46  4:07  Drone  
  46  4:09  Drone  
  51  4:10  Drone  
  51  4:14  Zergling x2  
  51  4:16  Drone x2  
  54  4:20  Drone x2  
  56  4:26  Roach Warren  
  56  4:28  Extractor  
  56  4:30  Zergling x4  
  56  4:32  Drone x2  
  56  4:37  Drone x3  
  61  4:41  Overlord  
  61  4:46  Zergling x8  
  61  4:51  Overlord  
  65  4:57  Overlord  
  65  5:02  Overlord  
  64  5:09  Zergling x18  
  64  5:18  Roach x2  
  64  5:20  Queen  
  69  5:24  Roach x3  
  75  5:29  Zergling x6  
  75  5:32  Overlord  
  75  5:35  Spore Crawler  
  77  5:36  Spore Crawler  
  75  5:44  Ravager  
  75  5:45  Ravager x4  
  75  5:48  Zergling x10  
  80  5:52  Zergling x4  
  80  5:54  Zergling x2  
  83  5:58  Zergling x4  
  83  6:02  Zergling x2  
  83  6:03  Zergling x4  
  87  6:04  Zergling x2  
  87  6:08  Zergling x4  
  90  6:16  Zergling x4  
  89  6:21  Zergling x4  
Show
View Real Time Build Order
Export as new Build Order

Classic Protoss - Winner!

Build Orders: Oracle Opening 

Get SALT Encoding   

  12  0:00  Probe  
  13  0:12  Probe  
  14  0:18  Pylon  
  14  0:24  Probe  
  15  0:36  Probe (Chrono Boost)  
  15  0:39  Gateway  
  16  0:46  Assimilator, Probe (Chrono Boost)  
  17  0:51  Probe (Chrono Boost)  
  18  1:03  Probe  
  19  1:10  Forge  
  19  1:15  Probe  
  19  1:16  Pylon  
  20  1:24  Zealot (Chrono Boost)  
  20  1:30  Cybernetics Core  
  22  1:33  Probe  
  23  1:43  Photon Cannon  
  23  2:02  Nexus  
  23  2:03  Adept (Chrono Boost)  
  25  2:11  Assimilator  
  25  2:14  Probe  
  26  2:17  Warp Gate  
  26  2:26  Adept  
  28  2:30  Pylon  
  28  2:33  Probe  
  29  2:45  Probe  
  29  2:50  Stargate  
  30  2:56  Stalker  
  33  2:58  Probe  
  33  3:10  Probe (Chrono Boost)  
  34  3:14  Probe (Chrono Boost)  
  35  3:22  Probe (Chrono Boost)  
  35  3:23  Probe (Chrono Boost)  
  35  3:26  Probe (Chrono Boost)  
  37  3:28  Probe (Chrono Boost)  
  39  3:35  Oracle  
  39  3:37  Probe  
  39  3:40  Probe  
  42  3:49  Probe  
  42  3:50  Pylon  
  42  3:52  Probe  
  42  3:55  Gateway  
  44  4:01  Probe  
  45  4:04  Probe  
  45  4:09  Oracle (Chrono Boost), Adept  
  51  4:20  Pylon  
  51  4:23  Nexus  
  52  4:24  Probe x2  
  52  4:29  Assimilator  
  53  4:32  Assimilator, Sentry  
  53  4:38  Probe x2  
  57  4:43  Twilight Council  
  57  4:46  Shield Battery  
  57  4:53  Gateway  
  57  4:54  Gateway  
  57  4:56  Probe x2  
  59  5:02  Pylon  
  59  5:13  Adept  
  61  5:23  Gateway  
  61  5:24  Shield Battery  
  61  5:25  Gateway  
  61  5:30  Sentry  
  61  5:32  Pylon  
  61  5:34  Probe  
  61  5:35  Probe x2  
  66  5:38  Sentry  
  66  5:40  Shield Battery  
  68  5:52  Photon Cannon  
  68  5:54  Photon Cannon  
  68  5:55  Sentry  
  68  5:56  Stalker  
  72  5:59  Sentry  
  74  6:05  Stalker  
  74  6:07  Shield Battery  
  79  6:21  Stalker x3  
  79  6:24  Pylon  
  82  6:27  Stalker  
  82  6:32  Stalker x2  
Tags
 
Add a new tag
Caveats
  • Supply blocks, unpowered buildings, or Contaminate may cause inaccurate times.
  • Supply counts are checked every 10 seconds.